 Dungeon Crawl Stone Soup version 0.22-a0-358-g7563fe7 (webtiles) character file.

218 Amnesiac the Grave Robber (level 5, -2/38 HPs)
             Began as a Mummy Necromancer on Apr 18, 2018.
             Slain by a phantom (5 damage)
             ... on level 5 of the Dungeon.
             The game lasted 00:04:04 (2367 turns).

Amnesiac the Grave Robber (Mummy Necromancer)       Turns: 2367, Time: 00:04:05

Health: -2/38      AC:  4    Str: 11    XL:     5   Next: 63%
Magic:  2/11       EV: 13    Int: 15    God:
Gold:   69         SH:  0    Dex: 13    Spells: 4/12 levels left

rFire    x . .     SeeInvis .   i - +2 broad axe
rCold    + . .     Gourm    .   (no shield)
rNeg     + + +     Faith    .   a - +1 robe
rPois    ∞         Spirit   .   c - +0 helmet
rElec    .         Reflect  .   (no cloak)
rCorr    .         Harm     .   (no gloves)
MR       .....                  (no boots)
Stlth    ++........             (no amulet)
HPRegen  0.12/turn              e - +2 ring of slaying
MPRegen  0.12/turn              (no ring)

@: very slightly contaminated
A: no food or potions, fire vulnerability, cold resistance 1, negative energy
resistance 3, torment resistance, unbreathing
a: no special abilities


You were on level 5 of the Dungeon.
You were not hungry.

You visited 1 branch of the dungeon, and saw 5 of its levels.

You collected 69 gold pieces.

Inventory:

Hand Weapons
 i - a +2 broad axe (weapon)
Missiles
 b - 30 stones
 f - 2 throwing nets (quivered)
Armour
 a - a +1 robe (worn)
 c - a +0 helmet (worn)
Jewellery
 e - a +2 ring of slaying (left hand)
Scrolls
 d - a scroll of identify {!r}
 h - a scroll of teleportation {!r}


   Skills:
 + Level 2.1 Fighting
 * Level 3.3 Dodging
 - Level 1.5 Stealth
 - Level 4.0 Spellcasting
 + Level 4.7 Necromancy


You had 4 spell levels left.
You knew the following spells:

 Your Spells              Type           Power        Failure   Level  Hunger
a - Pain                  Necr           ###.         2%          1    N/A
b - Call Imp              Summ           #.......     26%         2    N/A
d - Vampiric Draining     Necr           ###.......   8%          3    N/A
v - Blink                 Tloc           N/A          26%         2    N/A

Dungeon Overview and Level Annotations

Branches:
Dungeon (5/15)
 Temple: D:4-7

Altars:
Elyvilon
Nemelex Xobeh
Zin

Annotations:
D:4 Eustachio


Innate Abilities, Weirdness & Mutations

You do not eat or drink.
Your flesh is vulnerable to fire.
You are immune to poison.
Your flesh is cold resistant. (rC+)
You are immune to negative energy. (rN+++)
You are immune to unholy pain and torment.
You can survive without breathing.


Message History

Casting: Call Imp (safe; 26% risk of failure)
Confirm with . or Enter, or press ? or * to list all spells.
You miscast Call Imp.
You are very lightly contaminated with residual magic.
Nothing appears to happen.
Your crimson imp blinks!
Casting: Call Imp (safe; 26% risk of failure)
Confirm with . or Enter, or press ? or * to list all spells.
You miscast Call Imp.
Shadowy shapes form in the air around you, then vanish.
The phantom blinks!
Casting: Call Imp (safe; 26% risk of failure)
Confirm with . or Enter, or press ? or * to list all spells.
A beastly little devil appears in a puff of flame.
The phantom blinks!
Really read
d - a scroll of identify {!r}?
You don't have any unidentified items.
Unknown command.
Memorise Blink, consuming 2 spell levels and leaving 4?
You start memorising the spell.
You continue memorising.
The phantom blinks!
You continue memorising.
You finish memorising.
Spell assigned to 'v'.
You closely miss the phantom. The phantom hits you.
The phantom blinks!
The phantom barely misses your crimson imp.
Your crimson imp blinks!
You miss the phantom.
The phantom is lightly damaged.
The phantom hits you but does no damage.
Your crimson imp blinks!
You closely miss the phantom.
The phantom is lightly damaged.
The phantom hits you. The phantom misses you.
You closely miss the phantom.
The phantom is lightly damaged.
The phantom hits you!
* * * LOW HITPOINT WARNING * * *
The phantom blinks!
You slash the phantom!
The phantom is heavily damaged.
The phantom hits you.
* * * LOW HITPOINT WARNING * * *
The phantom completely misses you. The phantom hits your crimson imp!
The phantom blinks!
Your crimson imp disappears in a puff of smoke!
The phantom completely misses your crimson imp.
Casting: Call Imp (safe; 26% risk of failure)
Confirm with . or Enter, or press ? or * to list all spells.
A beastly little devil appears in a puff of flame.
The phantom hits your crimson imp.
The phantom blinks!
Casting: Call Imp (safe; 26% risk of failure)
Confirm with . or Enter, or press ? or * to list all spells.
A beastly little devil appears in a puff of flame.
Your crimson imp disappears in a puff of smoke!
You barely miss the phantom.
The phantom is heavily damaged.
The phantom closely misses you.
You hit the phantom.
The phantom is severely damaged.
The phantom hits you!
* * * LOW HITPOINT WARNING * * *
Your crimson imp blinks!
The phantom hits you.
You die...

..##.###...#####....#
..#......(.##..+....#
..#....†#..##.##....#
###########
#.#.##..#.>##.##....#
#.........#
#......W#.......†####
#.........#
#######.######†######
#..........
...............(....#
#.......... #.#####.5..5§.#
#.......... #.#####...@W..#
#.......... #........######
#...).....# ########.#
##########'##### #...#.#
#...............
#...#.###...............
#<#.#...................
########.####.......##.......
....................'........
.#######.####.......#########


You could see a phantom and 2 friendly crimson imps.

Vanquished Creatures
  A scorpion (D:5)
  A hound (D:5)
  2 worker ants (D:5)
  Robin (D:3)
  2 worker ant zombies (D:5)
  An adder (D:5)
  2 dart slugs
  3 leopard geckos
  6 orcs (D:5)
  2 bats (D:1)
  A giant cockroach (D:5)
  10 goblins
  A hobgoblin (D:1)
  3 jackals (D:3)
  2 kobolds
  A quokka (D:4)
  3 frilled lizards (D:1)
  2 rats
44 creatures vanquished.

Notes
Turn   | Place    | Note
-------+----------+-------------------------------------------
     0 | D:1      | Amnesiac the Mummy Necromancer began the quest for the Orb.
     0 | D:1      | Reached XP level 1. HP: 13/13 MP: 4/4
   115 | D:1      | Reached XP level 2. HP: 20/20 MP: 1/5
   516 | D:3      | Found a glowing silver altar of Zin.
   519 | D:3      | Found a sparkling altar of Nemelex Xobeh.
   519 | D:3      | Found a white marble altar of Elyvilon.
   778 | D:4      | Reached skill level 1 in Fighting
   778 | D:4      | Reached XP level 3. HP: 23/26 MP: 4/7
   783 | D:4      | Learned a level 3 spell: Vampiric Draining
   812 | D:4      | Noticed an ogre
   943 | D:4      | Noticed Eustachio
   951 | D:5      | Entered Level 5 of the Dungeon
  1572 | D:4      | Noticed an ogre
  1810 | D:3      | Noticed Robin
  1816 | D:3      | Reached XP level 4. HP: 19/32 MP: 9/9
  1823 | D:3      | Killed Robin
  2196 | D:5      | Reached XP level 5. HP: 31/38 MP: 10/10
  2333 | D:5      | Noticed a phantom
  2337 | D:5      | Learned a level 2 spell: Call Imp
  2353 | D:5      | Learned a level 2 spell: Blink
  2367 | D:5      | Slain by a phantom

Vault maps used:
D:1:      eino_arrival_water_star
D:2:      kiku_gazebo_garden_becter, fedhas_altar_2,
          minmay_misc_feat_secret_circle, uniq_natasha
D:3:      grunt_temple_overflow_open, uniq_robin
D:4:      minmay_temple_entry_poolview, first_ration,
          nicolae_ru_sacrificial_ziggurat, uniq_eustachio
D:5:      lemuel_castle_with_subvaults, uniq_pikel

Skill      XL: |  1  2  3  4  5 |
---------------+----------------+-----
Dodging        | 2 3 |  3.3
Spellcasting   | 3 4 |  4.0
Fighting       | 1 2 |  2.1
Stealth        | |  1.5
Necromancy     | |  4.7

Action                   |  1- 3 |  4- 6 || total
-------------------------+-------+-------++-------
Melee: Unarmed           |     2 |       ||     2
       War axe           |    14 |     6 ||    20
       Broad axe         |       |    35 ||    35
 Cast: Pain              |    45 |       ||    45
       Vampiric Draining |     5 |     4 ||     9
       Call Imp          |       |     4 ||     4
  Use: Scroll            |     4 |     2 ||     6
 Stab: Sleeping          |       |     1 ||     1
Armor: Robe              |     9 |    20 ||    29
Dodge: Dodged            |    22 |    72 ||    94

Table legend:
 A = Spawn XP
 B = Non-spawn XP
 C = Spawn XP percentage of total XP
 D = Spawn monster count
 E = Non-spawn monster count
 F = Spawn count percentage of total count
 G = Total turns spent on level
                    A         B        C        D         E        F      G
               +---------+---------+-------+---------+---------+-------+---------
         Total |       0 |     312 |   0.0 |       0 |      44 |   0.0 |  2367
               +---------+---------+-------+---------+---------+-------+---------
           D:1 |       0 |      19 |   0.0 |       0 |      10 |   0.0 |   345
           D:2 |       0 |       5 |   0.0 |       0 |       2 |   0.0 |    53
           D:3 |       0 |      46 |   0.0 |       0 |      17 |   0.0 |   728
           D:4 |       0 |       2 |   0.0 |       0 |       1 |   0.0 |   304
           D:5 |       0 |     240 |   0.0 |       0 |      14 |   0.0 |   937
               +---------+---------+-------+---------+---------+-------+---------
